Connexion

Roadrunners vs Penguins

Created - 17 août 2023 at 05:49

Goals
1 2 3 T
Roadrunners 0 2 2 4
Penguins 3 1 3 7
Shots
1 2 3 T
Roadrunners 10 13 11 34
Penguins 6 10 21 37

GoalsPenalties
1st period
1. Penguins , Karson Kuhlman 6 (Kevin Bahl 3) at 3:44
2. Penguins , Mikhail Maltsev 4 (Steven Santini 5, Jason Dickinson 4) at 15:03
3. Penguins , Marian Studenic 4 (Adam Clendening 10, Steven Santini 6) at 19:02
Dylan Gambrell (WBS) for Hooking (Minor) at 6:10
Jason Dickinson (WBS) for Fighting (Major) at 9:37
Alexander Petrovic (TUC) for Fighting (Major) at 9:37
Dylan Gambrell (WBS) for Hooking (Minor) at 10:49
2nd period
4. Roadrunners , Kevin Roy 2 (Justin Kirkland 3) at 6:15
5. Penguins , Marian Studenic 5 (Adam Clendening 11, Steven Santini 7) at 12:34
6. Roadrunners , Alexander Petrovic 1 (Brad Hunt 2, Drake Caggiula 3) at 17:10 (PP)
Keaton Middleton (WBS) for Roughing (Minor) at 3:39
Gabriel Dumont (TUC) for Charging (Minor) at 3:39
Mikhail Maltsev (WBS) for Interference (Minor) at 13:00
Keaton Middleton (WBS) for Hooking (Minor) at 16:40
3rd period
7. Penguins , Keaton Middleton 3 (Karson Kuhlman 6, Joseph Blandisi 7) at 1:11
8. Penguins , Dylan Gambrell 5 (Gerald Mayhew 7, Andreas Englund 5) at 1:34
9. Roadrunners , Nic Dowd 1 (Scott Wilson 5, Gabriel Dumont 2) at 2:01
10. Roadrunners , Gabriel Dumont 4 (Nic Dowd 6, Mac Hollowell 6) at 3:33 (PP)
11. Penguins , Alan Quine 5 (Dylan Gambrell 6, Joseph Blandisi 8) at 12:54 (PP)
Steven Santini (WBS) for High sticking (Minor) at 3:15
Nic Dowd (TUC) for Tripping (Minor) at 10:58
Goalie Stats
Calvin Pickard (TUC), 7 saves from 11 shots - (0,636), 32:34 minutes
Zachary Fucale (TUC), 23 saves from 26 shots - (0,885), L, 1-2-0, 27:26 minutes
Marek Langhamer (WBS), 30 saves from 34 shots - (0,882), W, 5-2-1, 60:00 minutes
3 StarsOfficial
1 - Marian Studenic (WBS)
2 - Karson Kuhlman (WBS)
3 - Steven Santini (WBS)
Referees : Greg Kimmerly and Paul Devorski
Linesman : Brad Lazarowich and Vaughan Rody
Game Note
Jason Dickinson beats up Alexander Petrovic at 9:37 of 1st period
Zachary Fucale enters game at 12:34 of 2nd period
Finance
Level 1 -- Attendance: 1346 (67,30%) -- Ticket Income 53 840 $
Level 2 -- Attendance: 698 (69,80%) -- Ticket Income 13 960 $
Total Attendance: 2044 (68,13%)
Total Ticket Income: 67 800 $
Other Income: 13 560 $
Total Income: 81 360 $



Team Name Goals Shots Shots Attemp Shots Blocked PIM HIT PP PK FO%
Roadrunners 4348129272 / 5 (40%)138%
Penguins 737641317261 / 1 (100%)263%

Roadrunners
Player Name POS G A P +/- PIM HIT SHT SB MP PP MP PP SHT PK MP PK SHT FO% FOT
Adam ErneLW/RW000000002:160:0000:0000% 0
Aleksi SaarelaC/LW000-4011023:283:2201:32039% 31
Alexander PetrovicD101-2523022:313:1611:0400% 0
Anthony GrecoLW/RW000-4015025:443:2211:32050% 12
Brad HuntD011-2004024:534:2531:0400% 0
Drake CaggiulaC/LW/RW011-4071022:253:2200:24017% 6
Gabriel DumontC/RW1120226018:553:2310:0000% 0
Justin KirklandC/LW/RW0110020014:180:0000:24047% 19
Kevin RoyLW/RW1010003013:540:0000:0000% 0
Kole LindRW0000012013:540:0000:0000% 0
Lane PedersonC000000000:000:0000:0000% 0
Mac HollowellD011-1011220:101:3800:5200% 0
Morgan BarronC/LW000000002:160:0000:00025% 4
Nic DowdC/RW1120223019:573:2310:00030% 30
Nicolas HagueD000-1040020:462:1400:5200% 0
Noah JuulsenD000-1031015:301:1500:0000% 0
Roland McKeownD000-1010016:090:4200:0000% 0
Scott WilsonC/LW0110004018:563:2300:00050% 2
Penguins
Player Name POS G A P +/- PIM HIT SHT SB MP PP MP PP SHT PK MP PK SHT FO% FOT
Adam ClendeningD0222003325:150:5023:0800% 0
Alan QuineC/LW/RW101000207:421:0624:3500% 0
Andreas EnglundD0111010213:390:0000:1800% 0
Brian HartLW/RW0000003014:290:0000:2000% 0
Dylan GambrellC/RW1120401014:530:4600:00061% 28
Dylan McIlrathD0001030015:110:0001:1900% 0
Gerald MayhewC/RW0110001015:400:0000:450100% 4
Jason DickinsonC/LW0113532020:330:5001:21158% 26
Joseph BlandisiC/LW0221025116:051:0620:29067% 6
Karson KuhlmanC/RW1121042016:200:0001:50060% 5
Keaton MiddletonD1011452119:031:0612:4700% 0
Kevin BahlD0111021221:491:0613:1700% 0
Liam O'BrienC/LW000000000:000:0000:0000% 0
Marian StudenicRW2023028020:090:5000:000100% 1
Mikhail MaltsevLW1013213021:300:5000:0000% 0
Rhett GardnerC/LW000001001:400:0000:180100% 3
Steven FogartyC/RW0001012022:110:2003:52058% 31
Steven SantiniD0332212425:000:5002:4100% 0



Play-by-Play

1st period


0:01 of 1st period - Jason Dickinson wins face-off versus Aleksi Saarela in neutral zone.
0:28 of 1st period - Drake Caggiula is hit by Steven Santini and loses puck.
1:05 of 1st period - Nic Dowd is hit by Joseph Blandisi and loses puck.
1:43 of 1st period - Icing by Mac Hollowell.
1:44 of 1st period - Nic Dowd wins face-off versus Dylan Gambrell in Roadrunners zone.
2:23 of 1st period - Dylan Gambrell is hit by Noah Juulsen and loses puck.
2:34 of 1st period - Noah Juulsen is hit by Jason Dickinson.
3:44 of 1st period - Shot by Karson Kuhlman.
3:44 of 1st period - Goal by Karson Kuhlman - Roadrunners : 0 - Penguins : 1.
3:45 of 1st period - Morgan Barron wins face-off versus Dylan Gambrell in neutral zone.
4:00 of 1st period - Off-side.
4:01 of 1st period - Rhett Gardner wins face-off versus Nic Dowd in neutral zone.
4:04 of 1st period - Scott Wilson is hit by Rhett Gardner.
4:32 of 1st period - Off-side.
4:33 of 1st period - Dylan Gambrell wins face-off versus Drake Caggiula in neutral zone.
4:51 of 1st period - Icing by Nicolas Hague.
4:52 of 1st period - Steven Fogarty wins face-off versus Aleksi Saarela in Roadrunners zone.
4:52 of 1st period - Joseph Blandisi is hit by Nicolas Hague.
4:58 of 1st period - Shot by Drake Caggiula.
4:58 of 1st period - Shot Misses the Net.
5:03 of 1st period - Karson Kuhlman is hit by Mac Hollowell.
5:53 of 1st period - Adam Clendening is hit by Nicolas Hague and loses puck.
6:06 of 1st period - Shot by Jason Dickinson.
6:06 of 1st period - Deflect By Marian Studenic.
6:06 of 1st period - Stopped by Calvin Pickard without a rebound.
6:07 of 1st period - Dylan Gambrell wins face-off versus Nic Dowd in Roadrunners zone.
6:07 of 1st period - Kevin Bahl is hit by Alexander Petrovic.
6:10 of 1st period - Minor Penalty to Dylan Gambrell for Hooking.
6:11 of 1st period - Steven Fogarty wins face-off versus Scott Wilson in Penguins zone.
6:11 of 1st period - Steven Fogarty is hit by Gabriel Dumont.
6:41 of 1st period - Icing by Alexander Petrovic.
6:42 of 1st period - Nic Dowd wins face-off versus Steven Fogarty in Roadrunners zone.
6:42 of 1st period - Nic Dowd is hit by Steven Fogarty.
6:50 of 1st period - Shot by Gabriel Dumont.
6:50 of 1st period - Deflect By Scott Wilson.
6:50 of 1st period - Shot Misses the Net.
6:52 of 1st period - Shot by Scott Wilson.
6:52 of 1st period - Shot Misses the Net.
6:54 of 1st period - Shot by Brad Hunt.
6:54 of 1st period - Stopped by Marek Langhamer without a rebound.
6:55 of 1st period - Anthony Greco wins face-off versus Karson Kuhlman in Penguins zone.
7:08 of 1st period - Shot by Brad Hunt.
7:08 of 1st period - Stopped by Marek Langhamer without a rebound.
7:09 of 1st period - Steven Fogarty wins face-off versus Nic Dowd in Penguins zone.
7:52 of 1st period - Shot by Brad Hunt.
7:52 of 1st period - Shot Misses the Net.
7:54 of 1st period - Shot by Anthony Greco.
7:54 of 1st period - Stopped by Marek Langhamer without a rebound.
7:55 of 1st period - Karson Kuhlman wins face-off versus Aleksi Saarela in Penguins zone.
8:18 of 1st period - Shot by Gerald Mayhew.
8:18 of 1st period - Shot Misses the Net.
8:20 of 1st period - Shot by Gerald Mayhew.
8:20 of 1st period - Shot Misses the Net.
8:22 of 1st period - Shot by Brian Hart.
8:22 of 1st period - Shot Misses the Net.
8:24 of 1st period - Shot by Dylan Gambrell.
8:24 of 1st period - Shot Misses the Net.
8:26 of 1st period - Shot by Dylan Gambrell.
8:26 of 1st period - Deflect By Brian Hart.
8:26 of 1st period - Stopped by Calvin Pickard without a rebound.
8:27 of 1st period - Jason Dickinson wins face-off versus Morgan Barron in Roadrunners zone.
8:27 of 1st period - Jason Dickinson is hit by Roland McKeown.
8:37 of 1st period - Shot by Adam Erne.
8:37 of 1st period - Shot Misses the Net.
9:26 of 1st period - Shot by Scott Wilson.
9:26 of 1st period - Shot Misses the Net.
9:28 of 1st period - Shot by Nic Dowd.
9:28 of 1st period - Shot Blocked by Steven Santini.
9:30 of 1st period - Shot by Brad Hunt.
9:30 of 1st period - Shot Misses the Net.
9:37 of 1st period - Jason Dickinson beats up Alexander Petrovic.
9:37 of 1st period - Penalty to Jason Dickinson for Fighting.
9:37 of 1st period - Penalty to Alexander Petrovic for Fighting.
9:38 of 1st period - Justin Kirkland wins face-off versus Steven Fogarty in Penguins zone.
9:39 of 1st period - Shot by Kevin Roy.
9:39 of 1st period - Shot Blocked by Keaton Middleton.
9:57 of 1st period - Steven Fogarty is hit by Kole Lind and loses puck.
10:05 of 1st period - Kole Lind is hit by Keaton Middleton and loses puck.
10:37 of 1st period - Anthony Greco is hit by Keaton Middleton and loses puck.
10:49 of 1st period - Minor Penalty to Dylan Gambrell for Hooking.
10:50 of 1st period - Gerald Mayhew wins face-off versus Nic Dowd in Penguins zone.
11:05 of 1st period - Shot by Brad Hunt.
11:05 of 1st period - Shot Blocked by Steven Santini.
11:21 of 1st period - Shot by Brad Hunt.
11:21 of 1st period - Shot Misses the Net.
11:36 of 1st period - Drake Caggiula is hit by Dylan McIlrath and loses puck.
13:08 of 1st period - Shot by Gerald Mayhew.
13:08 of 1st period - Shot Misses the Net.
13:10 of 1st period - Shot by Gerald Mayhew.
13:10 of 1st period - Shot Hit the Post.
14:03 of 1st period - Shot by Mikhail Maltsev.
14:03 of 1st period - Deflect By Marian Studenic.
14:03 of 1st period - Stopped by Calvin Pickard without a rebound.
14:04 of 1st period - Aleksi Saarela wins face-off versus Steven Fogarty in Roadrunners zone.
14:17 of 1st period - Shot by Drake Caggiula.
14:17 of 1st period - Stopped by Marek Langhamer without a rebound.
14:18 of 1st period - Nic Dowd wins face-off versus Dylan Gambrell in Penguins zone.
14:18 of 1st period - Nic Dowd is hit by Dylan McIlrath.
14:46 of 1st period - Shot by Scott Wilson.
14:46 of 1st period - Stopped by Marek Langhamer with a rebound.
14:52 of 1st period - Shot by Gabriel Dumont.
14:52 of 1st period - Stopped by Marek Langhamer without a rebound.
14:53 of 1st period - Jason Dickinson wins face-off versus Drake Caggiula in Penguins zone.
15:03 of 1st period - Shot by Mikhail Maltsev.
15:03 of 1st period - Goal by Mikhail Maltsev - Roadrunners : 0 - Penguins : 2.
15:04 of 1st period - Steven Fogarty wins face-off versus Morgan Barron in neutral zone.
15:35 of 1st period - Shot by Anthony Greco.
15:35 of 1st period - Stopped by Marek Langhamer with a rebound.
15:37 of 1st period - Shot by Alexander Petrovic.
15:37 of 1st period - Shot Misses the Net.
15:39 of 1st period - Shot by Morgan Barron.
15:39 of 1st period - Shot Misses the Net.
15:49 of 1st period - Shot by Gabriel Dumont.
15:49 of 1st period - Stopped by Marek Langhamer without a rebound.
15:50 of 1st period - Nic Dowd wins face-off versus Jason Dickinson in Penguins zone.
16:09 of 1st period - Shot by Scott Wilson.
16:09 of 1st period - Stopped by Marek Langhamer with a rebound.
16:18 of 1st period - Marian Studenic is hit by Noah Juulsen and loses puck.
16:24 of 1st period - Off-side.
16:25 of 1st period - Dylan Gambrell wins face-off versus Aleksi Saarela in neutral zone.
16:36 of 1st period - Shot by Dylan Gambrell.
16:36 of 1st period - Shot Misses the Net.
16:44 of 1st period - Shot by Gerald Mayhew.
16:44 of 1st period - Shot Misses the Net.
16:46 of 1st period - Shot by Dylan Gambrell.
16:46 of 1st period - Shot Misses the Net.
16:59 of 1st period - Dylan McIlrath is hit by Drake Caggiula and loses puck.
17:16 of 1st period - Icing by Kevin Bahl.
17:17 of 1st period - Steven Fogarty wins face-off versus Nic Dowd in Penguins zone.
17:36 of 1st period - Shot by Karson Kuhlman.
17:36 of 1st period - Shot Misses the Net.
18:30 of 1st period - Off-side.
18:31 of 1st period - Dylan Gambrell wins face-off versus Justin Kirkland in neutral zone.
18:39 of 1st period - Icing by Roland McKeown.
18:40 of 1st period - Justin Kirkland wins face-off versus Dylan Gambrell in Roadrunners zone.
18:45 of 1st period - Shot by Kole Lind.
18:45 of 1st period - Shot Misses the Net.
18:50 of 1st period - Kole Lind is hit by Andreas Englund and loses puck.
18:53 of 1st period - Shot by Kole Lind.
18:53 of 1st period - Stopped by Marek Langhamer without a rebound.
18:54 of 1st period - Jason Dickinson wins face-off versus Aleksi Saarela in Penguins zone.
18:54 of 1st period - Jason Dickinson is hit by Drake Caggiula.
19:02 of 1st period - Shot by Marian Studenic.
19:02 of 1st period - Goal by Marian Studenic - Roadrunners : 0 - Penguins : 3.
19:03 of 1st period - Aleksi Saarela wins face-off versus Jason Dickinson in neutral zone.
19:06 of 1st period - Adam Clendening is hit by Anthony Greco and loses puck.
19:39 of 1st period - Shot by Drake Caggiula.
19:39 of 1st period - Shot Blocked by Adam Clendening.
Goals for this period are 0 for Roadrunners vs 3 for Penguins.
Shots for this period are 10 for Roadrunners vs 6 for Penguins.

2nd period


0:01 of 2nd period - Marian Studenic wins face-off versus Aleksi Saarela in neutral zone.
0:04 of 2nd period - Alexander Petrovic is hit by Jason Dickinson and loses puck.
0:17 of 2nd period - Shot by Mikhail Maltsev.
0:17 of 2nd period - Shot Misses the Net.
1:01 of 2nd period - Shot by Gabriel Dumont.
1:01 of 2nd period - Shot Misses the Net.
1:03 of 2nd period - Shot by Nicolas Hague.
1:03 of 2nd period - Deflect By Scott Wilson.
1:03 of 2nd period - Shot Misses the Net.
1:05 of 2nd period - Shot by Nicolas Hague.
1:05 of 2nd period - Shot Misses the Net.
1:10 of 2nd period - Icing by Adam Clendening.
1:11 of 2nd period - Jason Dickinson wins face-off versus Justin Kirkland in Penguins zone.
1:34 of 2nd period - Shot by Justin Kirkland.
1:34 of 2nd period - Deflect By Kole Lind.
1:34 of 2nd period - Shot Misses the Net.
2:37 of 2nd period - Off-side.
2:38 of 2nd period - Dylan Gambrell wins face-off versus Aleksi Saarela in neutral zone.
3:14 of 2nd period - Shot by Dylan Gambrell.
3:14 of 2nd period - Shot Misses the Net.
3:37 of 2nd period - Icing by Keaton Middleton.
3:38 of 2nd period - Nic Dowd wins face-off versus Steven Fogarty in Penguins zone.
3:38 of 2nd period - Nic Dowd is hit by Keaton Middleton.
3:39 of 2nd period - Minor Penalty to Keaton Middleton for Roughing.
3:39 of 2nd period - Minor Penalty to Gabriel Dumont for Charging.
3:40 of 2nd period - Anthony Greco wins face-off versus Steven Fogarty in Penguins zone.
4:38 of 2nd period - Icing by Kevin Bahl.
4:39 of 2nd period - Drake Caggiula wins face-off versus Steven Fogarty in Penguins zone.
4:50 of 2nd period - Shot by Mac Hollowell.
4:50 of 2nd period - Stopped by Marek Langhamer without a rebound.
4:51 of 2nd period - Gerald Mayhew wins face-off versus Drake Caggiula in Penguins zone.
4:51 of 2nd period - Gerald Mayhew is hit by Drake Caggiula.
5:02 of 2nd period - Icing by Nicolas Hague.
5:03 of 2nd period - Steven Fogarty wins face-off versus Nic Dowd in Roadrunners zone.
5:21 of 2nd period - Alan Quine is hit by Nicolas Hague.
5:43 of 2nd period - Kevin Roy is hit by Marian Studenic and loses puck.
5:51 of 2nd period - Icing by Noah Juulsen.
5:52 of 2nd period - Dylan Gambrell wins face-off versus Justin Kirkland in Roadrunners zone.
6:15 of 2nd period - Shot by Kevin Roy.
6:15 of 2nd period - Goal by Kevin Roy - Roadrunners : 1 - Penguins : 3.
6:16 of 2nd period - Jason Dickinson wins face-off versus Morgan Barron in neutral zone.
6:28 of 2nd period - Shot by Brad Hunt.
6:28 of 2nd period - Stopped by Marek Langhamer without a rebound.
6:29 of 2nd period - Dylan Gambrell wins face-off versus Nic Dowd in Penguins zone.
6:52 of 2nd period - Dylan Gambrell is hit by Gabriel Dumont and loses puck.
6:58 of 2nd period - Icing by Keaton Middleton.
6:59 of 2nd period - Aleksi Saarela wins face-off versus Dylan Gambrell in Penguins zone.
7:22 of 2nd period - Shot by Steven Fogarty.
7:22 of 2nd period - Shot Blocked by Mac Hollowell.
7:24 of 2nd period - Shot by Karson Kuhlman.
7:24 of 2nd period - Stopped by Calvin Pickard without a rebound.
7:25 of 2nd period - Karson Kuhlman wins face-off versus Justin Kirkland in Roadrunners zone.
7:32 of 2nd period - Shot by Steven Fogarty.
7:32 of 2nd period - Shot Misses the Net.
7:46 of 2nd period - Roland McKeown is hit by Karson Kuhlman.
7:58 of 2nd period - Shot by Karson Kuhlman.
7:58 of 2nd period - Shot Misses the Net.
8:04 of 2nd period - Shot by Karson Kuhlman.
8:04 of 2nd period - Deflect By Steven Fogarty.
8:04 of 2nd period - Shot Misses the Net.
8:14 of 2nd period - Mikhail Maltsev is hit by Justin Kirkland and loses puck.
8:27 of 2nd period - Shot by Jason Dickinson.
8:27 of 2nd period - Stopped by Calvin Pickard without a rebound.
8:28 of 2nd period - Gerald Mayhew wins face-off versus Aleksi Saarela in Roadrunners zone.
8:35 of 2nd period - Gerald Mayhew is hit by Drake Caggiula and loses puck.
8:57 of 2nd period - Shot by Drake Caggiula.
8:57 of 2nd period - Shot Misses the Net.
9:05 of 2nd period - Shot by Aleksi Saarela.
9:05 of 2nd period - Stopped by Marek Langhamer without a rebound.
9:06 of 2nd period - Nic Dowd wins face-off versus Jason Dickinson in Penguins zone.
9:09 of 2nd period - Shot by Gabriel Dumont.
9:09 of 2nd period - Stopped by Marek Langhamer without a rebound.
9:10 of 2nd period - Rhett Gardner wins face-off versus Nic Dowd in Penguins zone.
9:16 of 2nd period - Nic Dowd is hit by Mikhail Maltsev and loses puck.
9:22 of 2nd period - Icing by Nicolas Hague.
9:23 of 2nd period - Nic Dowd wins face-off versus Steven Fogarty in Roadrunners zone.
10:05 of 2nd period - Icing by Karson Kuhlman.
10:06 of 2nd period - Aleksi Saarela wins face-off versus Steven Fogarty in Penguins zone.
10:17 of 2nd period - Icing by Andreas Englund.
10:18 of 2nd period - Steven Fogarty wins face-off versus Justin Kirkland in Penguins zone.
10:45 of 2nd period - Brad Hunt is hit by Marian Studenic and loses puck.
10:56 of 2nd period - Shot by Marian Studenic.
10:56 of 2nd period - Shot Misses the Net.
10:58 of 2nd period - Shot by Marian Studenic.
10:58 of 2nd period - Stopped by Calvin Pickard without a rebound.
10:59 of 2nd period - Dylan Gambrell wins face-off versus Drake Caggiula in Roadrunners zone.
11:00 of 2nd period - Shot by Gerald Mayhew.
11:00 of 2nd period - Stopped by Calvin Pickard without a rebound.
11:01 of 2nd period - Dylan Gambrell wins face-off versus Aleksi Saarela in Roadrunners zone.
11:20 of 2nd period - Gerald Mayhew is hit by Drake Caggiula and loses puck.
11:26 of 2nd period - Icing by Kevin Bahl.
11:27 of 2nd period - Dylan Gambrell wins face-off versus Nic Dowd in Penguins zone.
11:59 of 2nd period - Kevin Bahl is hit by Nic Dowd and loses puck.
12:04 of 2nd period - Shot by Gabriel Dumont.
12:04 of 2nd period - Stopped by Marek Langhamer without a rebound.
12:05 of 2nd period - Jason Dickinson wins face-off versus Aleksi Saarela in Penguins zone.
12:34 of 2nd period - Shot by Marian Studenic.
12:34 of 2nd period - Goal by Marian Studenic - Roadrunners : 1 - Penguins : 4.
12:34 of 2nd period - Zachary Fucale enters game.
12:35 of 2nd period - Justin Kirkland wins face-off versus Steven Fogarty in neutral zone.
12:37 of 2nd period - Off-side.
12:38 of 2nd period - Steven Fogarty wins face-off versus Nic Dowd in neutral zone.
12:41 of 2nd period - Shot by Karson Kuhlman.
12:41 of 2nd period - Shot Blocked by Mac Hollowell.
12:54 of 2nd period - Shot by Karson Kuhlman.
12:54 of 2nd period - Deflect By Steven Fogarty.
12:54 of 2nd period - Stopped by Zachary Fucale without a rebound.
12:55 of 2nd period - Jason Dickinson wins face-off versus Aleksi Saarela in Roadrunners zone.
12:55 of 2nd period - Mikhail Maltsev is hit by Alexander Petrovic.
13:00 of 2nd period - Minor Penalty to Mikhail Maltsev for Interference.
13:01 of 2nd period - Steven Fogarty wins face-off versus Aleksi Saarela in Penguins zone.
13:01 of 2nd period - Steven Fogarty is hit by Drake Caggiula.
13:11 of 2nd period - Shot by Anthony Greco.
13:11 of 2nd period - Shot Misses the Net.
13:28 of 2nd period - Icing by Drake Caggiula.
13:29 of 2nd period - Anthony Greco wins face-off versus Steven Fogarty in Roadrunners zone.
13:34 of 2nd period - Steven Santini is hit by Drake Caggiula.
14:13 of 2nd period - Shot by Mac Hollowell.
14:13 of 2nd period - Shot Misses the Net.
14:15 of 2nd period - Shot by Nicolas Hague.
14:15 of 2nd period - Shot Misses the Net.
14:33 of 2nd period - Shot by Gabriel Dumont.
14:33 of 2nd period - Shot Misses the Net.
14:35 of 2nd period - Shot by Nic Dowd.
14:35 of 2nd period - The goal is going for a video replay.
14:35 of 2nd period - The goal is refused.
14:36 of 2nd period - Karson Kuhlman wins face-off versus Aleksi Saarela in Penguins zone.
14:41 of 2nd period - Shot by Jason Dickinson.
14:41 of 2nd period - Stopped by Zachary Fucale without a rebound.
14:42 of 2nd period - Aleksi Saarela wins face-off versus Karson Kuhlman in Roadrunners zone.
14:46 of 2nd period - Anthony Greco is hit by Karson Kuhlman and loses puck.
15:06 of 2nd period - Icing by Andreas Englund.
15:07 of 2nd period - Dylan Gambrell wins face-off versus Nic Dowd in Penguins zone.
15:12 of 2nd period - Off-side.
15:13 of 2nd period - Jason Dickinson wins face-off versus Nic Dowd in neutral zone.
15:21 of 2nd period - Adam Clendening is hit by Nicolas Hague and loses puck.
15:36 of 2nd period - Shot by Scott Wilson.
15:36 of 2nd period - Shot Misses the Net.
15:44 of 2nd period - Shot by Scott Wilson.
15:44 of 2nd period - Stopped by Marek Langhamer with a rebound.
15:46 of 2nd period - Shot by Mac Hollowell.
15:46 of 2nd period - Shot Misses the Net.
15:48 of 2nd period - Shot by Gabriel Dumont.
15:48 of 2nd period - Shot Misses the Net.
15:50 of 2nd period - Shot by Gabriel Dumont.
15:50 of 2nd period - Shot Blocked by Steven Santini.
15:52 of 2nd period - Shot by Nicolas Hague.
15:52 of 2nd period - Shot Blocked by Steven Santini.
16:08 of 2nd period - Shot by Aleksi Saarela.
16:08 of 2nd period - Shot Misses the Net.
16:10 of 2nd period - Shot by Aleksi Saarela.
16:10 of 2nd period - Shot Misses the Net.
16:12 of 2nd period - Shot by Alexander Petrovic.
16:12 of 2nd period - Stopped by Marek Langhamer without a rebound.
16:13 of 2nd period - Justin Kirkland wins face-off versus Steven Fogarty in Penguins zone.
16:40 of 2nd period - Shot by Kole Lind.
16:40 of 2nd period - Deflect By Kevin Roy.
16:40 of 2nd period - Stopped by Marek Langhamer without a rebound.
16:40 of 2nd period - Minor Penalty to Keaton Middleton for Hooking.
16:41 of 2nd period - Anthony Greco wins face-off versus Steven Fogarty in Penguins zone.
17:08 of 2nd period - Shot by Brad Hunt.
17:08 of 2nd period - Stopped by Marek Langhamer with a rebound.
17:10 of 2nd period - Shot by Alexander Petrovic.
17:10 of 2nd period - Goal by Alexander Petrovic - Roadrunners : 2 - Penguins : 4.
17:11 of 2nd period - Dylan Gambrell wins face-off versus Nic Dowd in neutral zone.
17:11 of 2nd period - Steven Santini is hit by Nic Dowd.
17:34 of 2nd period - Icing by Scott Wilson.
17:35 of 2nd period - Scott Wilson wins face-off versus Jason Dickinson in Roadrunners zone.
17:44 of 2nd period - Shot by Mac Hollowell.
17:44 of 2nd period - Shot Misses the Net.
17:46 of 2nd period - Shot by Scott Wilson.
17:46 of 2nd period - Stopped by Marek Langhamer without a rebound.
17:47 of 2nd period - Steven Fogarty wins face-off versus Aleksi Saarela in Penguins zone.
18:06 of 2nd period - Shot by Steven Fogarty.
18:06 of 2nd period - Stopped by Zachary Fucale without a rebound.
18:07 of 2nd period - Jason Dickinson wins face-off versus Justin Kirkland in Roadrunners zone.
18:08 of 2nd period - Shot by Adam Clendening.
18:08 of 2nd period - Stopped by Zachary Fucale with a rebound.
18:10 of 2nd period - Shot by Jason Dickinson.
18:10 of 2nd period - Shot Misses the Net.
18:12 of 2nd period - Shot by Mikhail Maltsev.
18:12 of 2nd period - Stopped by Zachary Fucale without a rebound.
18:13 of 2nd period - Aleksi Saarela wins face-off versus Jason Dickinson in Roadrunners zone.
18:49 of 2nd period - Icing by Drake Caggiula.
18:50 of 2nd period - Steven Fogarty wins face-off versus Aleksi Saarela in Roadrunners zone.
19:01 of 2nd period - Shot by Aleksi Saarela.
19:01 of 2nd period - Shot Misses the Net.
Goals for this period are 2 for Roadrunners vs 1 for Penguins.
Shots for this period are 13 for Roadrunners vs 10 for Penguins.

3rd period


0:01 of 3rd period - Aleksi Saarela wins face-off versus Jason Dickinson in neutral zone.
1:07 of 3rd period - Shot by Joseph Blandisi.
1:07 of 3rd period - Stopped by Zachary Fucale with a rebound.
1:09 of 3rd period - Shot by Karson Kuhlman.
1:09 of 3rd period - Shot Misses the Net.
1:11 of 3rd period - Shot by Keaton Middleton.
1:11 of 3rd period - Goal by Keaton Middleton - Roadrunners : 2 - Penguins : 5.
1:12 of 3rd period - Dylan Gambrell wins face-off versus Justin Kirkland in neutral zone.
1:34 of 3rd period - Shot by Gerald Mayhew.
1:34 of 3rd period - Deflect By Dylan Gambrell.
1:34 of 3rd period - Goal by Dylan Gambrell - Roadrunners : 2 - Penguins : 6.
1:35 of 3rd period - Steven Fogarty wins face-off versus Nic Dowd in neutral zone.
1:52 of 3rd period - Nic Dowd is hit by Keaton Middleton and loses puck.
2:01 of 3rd period - Shot by Nic Dowd.
2:01 of 3rd period - Goal by Nic Dowd - Roadrunners : 3 - Penguins : 6.
2:02 of 3rd period - Justin Kirkland wins face-off versus Jason Dickinson in neutral zone.
2:24 of 3rd period - Icing by Noah Juulsen.
2:25 of 3rd period - Justin Kirkland wins face-off versus Dylan Gambrell in Roadrunners zone.
2:38 of 3rd period - Shot by Brian Hart.
2:38 of 3rd period - Stopped by Zachary Fucale without a rebound.
2:39 of 3rd period - Rhett Gardner wins face-off versus Aleksi Saarela in Roadrunners zone.
2:42 of 3rd period - Shot by Steven Fogarty.
2:42 of 3rd period - Shot Misses the Net.
3:15 of 3rd period - Minor Penalty to Steven Santini for High sticking.
3:16 of 3rd period - Steven Fogarty wins face-off versus Nic Dowd in Penguins zone.
3:33 of 3rd period - Shot by Gabriel Dumont.
3:33 of 3rd period - Goal by Gabriel Dumont - Roadrunners : 4 - Penguins : 6.
3:34 of 3rd period - Gerald Mayhew wins face-off versus Justin Kirkland in neutral zone.
3:47 of 3rd period - Shot by Dylan Gambrell.
3:47 of 3rd period - Deflect By Brian Hart.
3:47 of 3rd period - Stopped by Zachary Fucale without a rebound.
3:48 of 3rd period - Aleksi Saarela wins face-off versus Jason Dickinson in Roadrunners zone.
3:48 of 3rd period - Anthony Greco is hit by Jason Dickinson and loses puck.
3:59 of 3rd period - Shot by Steven Santini.
3:59 of 3rd period - Stopped by Zachary Fucale without a rebound.
4:00 of 3rd period - Nic Dowd wins face-off versus Dylan Gambrell in Roadrunners zone.
4:19 of 3rd period - Shot by Gabriel Dumont.
4:19 of 3rd period - Shot Misses the Net.
4:29 of 3rd period - Shot by Scott Wilson.
4:29 of 3rd period - Shot Blocked by Kevin Bahl.
4:55 of 3rd period - Icing by Gerald Mayhew.
4:56 of 3rd period - Justin Kirkland wins face-off versus Dylan Gambrell in Penguins zone.
5:17 of 3rd period - Shot by Kole Lind.
5:17 of 3rd period - Deflect By Justin Kirkland.
5:17 of 3rd period - Shot Blocked by Kevin Bahl.
5:19 of 3rd period - Shot by Noah Juulsen.
5:19 of 3rd period - Stopped by Marek Langhamer without a rebound.
5:20 of 3rd period - Jason Dickinson wins face-off versus Anthony Greco in Penguins zone.
5:45 of 3rd period - Shot by Mikhail Maltsev.
5:45 of 3rd period - Stopped by Zachary Fucale without a rebound.
5:46 of 3rd period - Steven Fogarty wins face-off versus Nic Dowd in Roadrunners zone.
5:47 of 3rd period - Shot by Joseph Blandisi.
5:47 of 3rd period - Stopped by Zachary Fucale without a rebound.
5:48 of 3rd period - Steven Fogarty wins face-off versus Nic Dowd in Roadrunners zone.
5:55 of 3rd period - Shot by Joseph Blandisi.
5:55 of 3rd period - Stopped by Zachary Fucale without a rebound.
5:56 of 3rd period - Jason Dickinson wins face-off versus Aleksi Saarela in Roadrunners zone.
5:57 of 3rd period - Shot by Mikhail Maltsev.
5:57 of 3rd period - Deflect By Marian Studenic.
5:57 of 3rd period - Shot Misses the Net.
6:03 of 3rd period - Shot by Mikhail Maltsev.
6:03 of 3rd period - Shot Misses the Net.
6:07 of 3rd period - Shot by Mikhail Maltsev.
6:07 of 3rd period - Deflect By Marian Studenic.
6:07 of 3rd period - Stopped by Zachary Fucale with a rebound.
6:09 of 3rd period - Shot by Steven Santini.
6:09 of 3rd period - Stopped by Zachary Fucale without a rebound.
6:10 of 3rd period - Steven Fogarty wins face-off versus Nic Dowd in Roadrunners zone.
6:45 of 3rd period - Shot by Gabriel Dumont.
6:45 of 3rd period - Deflect By Nic Dowd.
6:45 of 3rd period - Stopped by Marek Langhamer with a rebound.
6:49 of 3rd period - Shot by Nic Dowd.
6:49 of 3rd period - Shot Misses the Net.
7:11 of 3rd period - Shot by Marian Studenic.
7:11 of 3rd period - Stopped by Zachary Fucale without a rebound.
7:12 of 3rd period - Jason Dickinson wins face-off versus Justin Kirkland in Roadrunners zone.
7:27 of 3rd period - Shot by Marian Studenic.
7:27 of 3rd period - Stopped by Zachary Fucale without a rebound.
7:28 of 3rd period - Dylan Gambrell wins face-off versus Drake Caggiula in Roadrunners zone.
7:50 of 3rd period - Icing by Steven Santini.
7:51 of 3rd period - Dylan Gambrell wins face-off versus Nic Dowd in Penguins zone.
9:07 of 3rd period - Icing by Steven Santini.
9:08 of 3rd period - Dylan Gambrell wins face-off versus Justin Kirkland in Penguins zone.
10:06 of 3rd period - Noah Juulsen is hit by Kevin Bahl and loses puck.
10:42 of 3rd period - Icing by Dylan McIlrath.
10:43 of 3rd period - Steven Fogarty wins face-off versus Nic Dowd in Penguins zone.
10:58 of 3rd period - Minor Penalty to Nic Dowd for Tripping.
10:59 of 3rd period - Joseph Blandisi wins face-off versus Anthony Greco in Roadrunners zone.
11:16 of 3rd period - Shot by Keaton Middleton.
11:16 of 3rd period - Deflect By Alan Quine.
11:16 of 3rd period - Stopped by Zachary Fucale with a rebound.
11:18 of 3rd period - Shot by Keaton Middleton.
11:18 of 3rd period - Stopped by Zachary Fucale without a rebound.
11:19 of 3rd period - Anthony Greco wins face-off versus Jason Dickinson in Roadrunners zone.
11:44 of 3rd period - Shot by Adam Clendening.
11:44 of 3rd period - Stopped by Zachary Fucale with a rebound.
11:46 of 3rd period - Shot by Adam Clendening.
11:46 of 3rd period - Stopped by Zachary Fucale without a rebound.
11:47 of 3rd period - Joseph Blandisi wins face-off versus Anthony Greco in Roadrunners zone.
11:50 of 3rd period - Shot by Kevin Bahl.
11:50 of 3rd period - Stopped by Zachary Fucale with a rebound.
11:52 of 3rd period - Shot by Joseph Blandisi.
11:52 of 3rd period - Stopped by Zachary Fucale without a rebound.
11:53 of 3rd period - Anthony Greco wins face-off versus Joseph Blandisi in Roadrunners zone.
12:00 of 3rd period - Shot by Joseph Blandisi.
12:00 of 3rd period - Stopped by Zachary Fucale without a rebound.
12:01 of 3rd period - Jason Dickinson wins face-off versus Anthony Greco in Roadrunners zone.
12:22 of 3rd period - Off-side.
12:23 of 3rd period - Joseph Blandisi wins face-off versus Anthony Greco in neutral zone.
12:29 of 3rd period - Icing by Keaton Middleton.
12:30 of 3rd period - Joseph Blandisi wins face-off versus Anthony Greco in Penguins zone.
12:30 of 3rd period - Joseph Blandisi is hit by Aleksi Saarela.
12:52 of 3rd period - Shot by Dylan Gambrell.
12:52 of 3rd period - Shot Misses the Net.
12:54 of 3rd period - Shot by Alan Quine.
12:54 of 3rd period - Goal by Alan Quine - Roadrunners : 4 - Penguins : 7.
12:55 of 3rd period - Jason Dickinson wins face-off versus Nic Dowd in neutral zone.
13:10 of 3rd period - Shot by Gabriel Dumont.
13:10 of 3rd period - Shot Blocked by Andreas Englund.
13:12 of 3rd period - Shot by Scott Wilson.
13:12 of 3rd period - Shot Misses the Net.
13:14 of 3rd period - Shot by Nic Dowd.
13:14 of 3rd period - Shot Blocked by Andreas Englund.
13:16 of 3rd period - Shot by Nic Dowd.
13:16 of 3rd period - Deflect By Scott Wilson.
13:16 of 3rd period - Shot Misses the Net.
13:18 of 3rd period - Shot by Alexander Petrovic.
13:18 of 3rd period - Stopped by Marek Langhamer with a rebound.
13:32 of 3rd period - Shot by Gabriel Dumont.
13:32 of 3rd period - Shot Misses the Net.
13:34 of 3rd period - Shot by Alexander Petrovic.
13:34 of 3rd period - Shot Misses the Net.
13:48 of 3rd period - Shot by Anthony Greco.
13:48 of 3rd period - Stopped by Marek Langhamer without a rebound.
13:49 of 3rd period - Aleksi Saarela wins face-off versus Joseph Blandisi in Penguins zone.
13:58 of 3rd period - Shot by Drake Caggiula.
13:58 of 3rd period - Shot Blocked by Joseph Blandisi.
14:06 of 3rd period - Drake Caggiula is hit by Karson Kuhlman and loses puck.
14:11 of 3rd period - Shot by Karson Kuhlman.
14:11 of 3rd period - Shot Misses the Net.
14:29 of 3rd period - Shot by Anthony Greco.
14:29 of 3rd period - Shot Misses the Net.
14:37 of 3rd period - Noah Juulsen is hit by Joseph Blandisi and loses puck.
14:47 of 3rd period - Anthony Greco is hit by Keaton Middleton.
15:00 of 3rd period - Mac Hollowell is hit by Kevin Bahl and loses puck.
15:20 of 3rd period - Kevin Bahl is hit by Justin Kirkland and loses puck.
15:35 of 3rd period - Icing by Jason Dickinson.
15:36 of 3rd period - Nic Dowd wins face-off versus Jason Dickinson in Penguins zone.
15:36 of 3rd period - Nic Dowd is hit by Dylan McIlrath.
16:37 of 3rd period - Shot by Anthony Greco.
16:37 of 3rd period - Stopped by Marek Langhamer without a rebound.
16:38 of 3rd period - Justin Kirkland wins face-off versus Steven Fogarty in Penguins zone.
16:43 of 3rd period - Shot by Kevin Roy.
16:43 of 3rd period - Stopped by Marek Langhamer with a rebound.
16:47 of 3rd period - Shot by Justin Kirkland.
16:47 of 3rd period - Shot Blocked by Adam Clendening.
16:49 of 3rd period - Shot by Justin Kirkland.
16:49 of 3rd period - Shot Blocked by Adam Clendening.
17:17 of 3rd period - Shot by Kole Lind.
17:17 of 3rd period - Stopped by Marek Langhamer without a rebound.
17:18 of 3rd period - Dylan Gambrell wins face-off versus Aleksi Saarela in Penguins zone.
17:22 of 3rd period - Off-side.
17:23 of 3rd period - Aleksi Saarela wins face-off versus Dylan Gambrell in neutral zone.
17:28 of 3rd period - Icing by Brian Hart.
17:29 of 3rd period - Aleksi Saarela wins face-off versus Dylan Gambrell in Penguins zone.
17:34 of 3rd period - Shot by Anthony Greco.
17:34 of 3rd period - Stopped by Marek Langhamer without a rebound.
17:35 of 3rd period - Aleksi Saarela wins face-off versus Jason Dickinson in Penguins zone.
18:16 of 3rd period - Icing by Drake Caggiula.
18:17 of 3rd period - Steven Fogarty wins face-off versus Aleksi Saarela in Roadrunners zone.
18:44 of 3rd period - Scott Wilson is hit by Karson Kuhlman and loses puck.
18:55 of 3rd period - Shot by Gabriel Dumont.
18:55 of 3rd period - Stopped by Marek Langhamer without a rebound.
18:56 of 3rd period - Justin Kirkland wins face-off versus Dylan Gambrell in Penguins zone.
19:12 of 3rd period - Shot by Andreas Englund.
19:12 of 3rd period - Shot Misses the Net.
19:22 of 3rd period - Shot by Andreas Englund.
19:22 of 3rd period - Shot Misses the Net.
19:29 of 3rd period - Dylan Gambrell is hit by Noah Juulsen.
Goals for this period are 2 for Roadrunners vs 3 for Penguins.
Shots for this period are 11 for Roadrunners vs 21 for Penguins.